 Dungeon Crawl Stone Soup version 0.31-a0-844-gdc52ec4e09 (webtiles) character file.

Game seed: 14462014882760106073

711 retardedninja the Sneak (level 7, 0/36 HPs)
             Began as a Gargoyle Fire Elementalist on Sept 29, 2023.
             Slain by an iguana (2 damage)
             ... on level 5 of the Dungeon.
             The game lasted 00:12:16 (7802 turns).

retardedninja the Sneak (GrFE)                      Turns: 7802, Time: 00:12:17

Health: 0/36       AC: 10    Str: 12    XL:     7   Next: 68%
Magic:  4/12       EV: 12    Int: 17    God:
Gold:   228        SH:  0    Dex: 10    Spells: 10/13 levels left

rFire   . . .        x - +0 hand cannon
rCold   . . .        (no shield)
rNeg    + . .        t - +0 robe
rPois   ∞            (no helmet)
rElec   +            f - +2 cloak
rCorr   .            (no gloves)
SInv    .            d - +0 pair of boots
Will    .....        v - amulet of the acrobat
Stlth   +++          h - ring of wizardry
HPRegen 0.26/turn    B - ring of wizardry
MPRegen 0.13/turn

%: acrobat, wizardry (x2)
@: no status effects
A: sickness immunity, AC +4, negative energy resistance 1, electricity
resistance, torment resistance 1, petrification resistance
a: no special abilities


You were on level 5 of the Dungeon.
You visited 2 branches of the dungeon, and saw 6 of its levels.

You collected 270 gold pieces.
You spent 42 gold pieces at shops.

Inventory:

Hand Weapons
 x - a +0 hand cannon (weapon)
Missiles
 y - a silver javelin
 z - 4 poisoned darts
 A - a throwing net
Armour
 d - a +0 pair of boots (worn)
 f - a +2 cloak (worn)
 t - a +0 robe (worn)
Jewellery
 h - a ring of wizardry (left hand)
 v - an amulet of the acrobat (around neck)
 B - a ring of wizardry (right hand)
Scrolls
 a - a scroll of blinking {unknown}
 c - a scroll of revelation {unknown}
 e - a scroll of fog
 g - a scroll of silence
 j - 2 scrolls of amnesia
 k - a scroll of enchant weapon {unknown}
 l - 2 scrolls of teleportation
 u - a scroll of brand weapon {unknown}
Potions
 b - a potion of magic
 i - a potion of degeneration {unknown}
 m - a potion of attraction
 n - 3 potions of curing
 o - 2 potions of haste
 p - a potion of heal wounds {unknown}
 q - a potion of resistance
 r - a potion of enlightenment {unknown}
 s - a potion of ambrosia


   Skills:
 + Level 0.2 Ranged Weapons
 + Level 3.3 Dodging
 + Level 4.8 Stealth
 + Level 3.8 Spellcasting
 + Level 4.0 Conjurations
 + Level 4.7 Fire Magic


You had 10 spell levels left.
You knew the following spells:

 Your Spells              Type           Power      Damage    Failure   Level
a - Foxfire               Conj/Fire      72%        2x1d7     1%          1
b - Scorch                Fire           38%        2d6       1%          2

Your spell library contained the following spells:

 Spells                   Type           Power      Damage    Failure   Level
 Kiss of Death            Conj/Necr      40%        2d8       1%          1
 Magic Dart               Conj           68%        1d6       1%          1
 Inner Flame              Hex/Fire       11%        N/A       5%          3
 Volatile Blastmotes      Fire/Tloc      22%        2d11      5%          3
 Call Imp                 Summ           6%         N/A       7%          2
 Ensorcelled Hibernation  Hex/Ice        6%         N/A       7%          2
 Jinxbite                 Hex            6%         N/A       7%          2
 Flame Wave               Conj/Fire      18%        2d7       7%          4
 Mephitic Cloud           Conj/Pois/Air  7%         N/A       8%          3
 Confusing Touch          Hex            3%         N/A       13%         3
 Gell's Gravitas          Tloc           3%         N/A       13%         3
 Teleport Other           Tloc           3%         N/A       13%         3
 Anguish                  Hex/Necr       1%         N/A       36%         4
 Dispel Undead            Necr           3%         3d7       36%         4
 Dispersal                Tloc           1%         N/A       99%         6


Dungeon Overview and Level Annotations

Branches:
Dungeon (5/15)             Temple (1/1) D:4

Altars:
Fedhas
Gozag
Hepliaklqana
Kikubaaqudgha
Makhleb
Nemelex Xobeh
Okawaru
Qazlal
Ru
Sif Muna
Uskayaw
Xom
Yredelemnul
Zin
The Shining One

Shops:
D:4 (

Annotations:
D:4 1 transporter, Bravepunisher's ghost, weakling SpMo


Innate Abilities, Weirdness & Mutations

You are immune to sickness and miasma.
Your stone body is resilient. (AC +4)
You are immune to poison.
You resist negative energy. (rN+)
You are resistant to electric shocks. (rElec)
You are resistant to unholy torment.
You are immune to petrification.


Message History

The orc is lightly wounded.
You hear an angry hiss.
The orc barely misses you. x2
You shoot a bolt. The bolt barely misses the orc.
The orc closely misses you. The orc misses you.
An iguana comes into view.
The orc hits you with a +0 short sword. The orc completely misses you.
You shoot a bolt. The bolt hits the orc!
You kill the orc!
The orc hits you but does no damage. The orc barely misses you.
The orc barely misses you.
The iguana bites you but does no damage.
Things that are here:
a +0 short sword; 3 boomerangs; 13 gold pieces You shoot a bolt.
The bolt hits the iguana.
The iguana is lightly wounded.
The orc misses you. The iguana barely misses you. The orc barely misses you.
The iguana barely misses you.
You shoot a bolt. The bolt completely misses the iguana.
The orc barely misses you.
The iguana bites you but does no damage.
The iguana misses you. The orc barely misses you.
You shoot a bolt. The bolt hits the iguana!
The iguana is heavily wounded.
The iguana closely misses you. The orc barely misses you.
The orc closely misses you. The iguana completely misses you.
You shoot a bolt. The bolt closely misses the iguana.
The iguana bites you. The orc barely misses you.
The orc hits you but does no damage.
The iguana bites you but does no damage.
You shoot a bolt. The bolt hits the iguana.
The iguana is severely wounded.
The iguana bites you! The orc hits you but does no damage.
The iguana bites you but does no damage.
The orc hits you from afar with a +0 trident.
You shoot a bolt. The bolt barely misses the iguana.
The iguana bites you!
* * * LOW HITPOINT WARNING * * *
The orc hits you from afar with a +0 trident.
* * * LOW HITPOINT WARNING * * *
The orc completely misses you. The iguana bites you.
You die...

.............#........#
.............#......###
..............#.....#
##.............#....##
#...##...#..........#
.........#..#.......#
.....##.###.#####...#
##.. #☼....# #... #..
##l@#..# ..o..#o☼## ##
#.....# #..)).# #####.#
.. #.. #?. .##


You could see an iguana and an orc.

Vanquished Creatures
  Grinder (D:5)
  2 hounds (D:4)
  An orc priest (D:3)
  An iguana (D:4)
  A sleepcap (D:5)
  Terence (D:2)
  2 orc wizards
  4 gnolls
  11 adders
  A white imp (D:5)
  An ufetubus (D:4)
  6 dart slugs
  19 orcs
  7 endoplasms
  6 giant cockroaches
  5 hobgoblins
  3 jackals
  12 kobolds
  8 quokkas
  3 training dummies (D:4)
  7 ball pythons
  8 bats
  5 frilled lizards
  8 goblins
  7 rats
130 creatures vanquished.

Vanquished Creatures (others)
  452 foxfires
452 creatures vanquished.

Grand Total: 582 creatures vanquished

Notes
Turn   | Place    | Note
-------+----------+-------------------------------------------
     0 | D:1      | retardedninja the Gargoyle Fire Elementalist began the
                  | quest for the Orb.
     0 | D:1      | Reached XP level 1. HP: 10/10 MP: 3/3
   239 | D:1      | Reached XP level 2. HP: 15/15 MP: 3/5
   882 | D:1      | Learned a level 2 spell: Scorch
   909 | D:1      | Reached XP level 3. HP: 19/19 MP: 1/6
  2078 | D:2      | Reached XP level 4. HP: 24/24 MP: 2/7
  2881 | D:2      | Noticed Terence
  2899 | D:2      | Killed Terence
  3237 | D:2      | Reached XP level 5. HP: 28/28 MP: 3/9
  4168 | D:3      | Found a hazy altar of Hepliaklqana.
  5480 | D:3      | Found a shimmering altar of Xom.
  5630 | D:3      | Reached XP level 6. HP: 32/32 MP: 7/10
  5673 | D:3      | Found a hide-covered altar of Uskayaw.
  5673 | D:3      | Found an ancient bone altar of Kikubaaqudgha.
  5675 | D:3      | Found a sacrificial altar of Ru.
  5675 | D:3      | Found a glowing silver altar of Zin.
  6929 | D:4      | Found a staircase to the Ecumenical Temple.
  6939 | Temple   | Entered the Ecumenical Temple
  7159 | D:4      | Found a blossoming altar of Fedhas.
  7169 | D:4      | Reached XP level 7. HP: 36/36 MP: 1/12
  7280 | D:4      | Found a transporter.
  7291 | D:4      | Noticed Bravepunisher's ghost (weakling SpMo)
  7520 | D:4      | Found Kihuh's Firing Range.
  7536 | D:4      | Bought a +0 hand cannon for 42 gold pieces
  7639 | D:5      | Entered Level 5 of the Dungeon
  7642 | D:5      | Noticed Grinder
  7658 | D:5      | Paralysed by Grinder for 3 turns
  7664 | D:5      | Killed Grinder
  7802 | D:5      | Slain by an iguana

Illustrated notes

Levels and vault maps discovered:
D:1:      denvon_arrival_waterhouse, layout_loops_cross, minmay_cupped
D:2:      minmay_razor_zed, layout_basic, uniq_terence
D:3:      layout_rooms, chequers_temple_overflow_statue_of_worship,
          lemuel_tele_altar, nzn_hepliaklqana_mist_gate
D:4:      layout_rooms, mainiacjoe_overflow_alcove_1, temple_fountains,
          gammafunk_ghost_smash, small_statue_intersection,
          nicolae_shop_firing_range
D:5:      layout_cave_pools, cheibrodos_sewer_entry_sluice, uniq_grinder,
          uniq_sigmund, uniq_prince_ribbit1
Temple:   nicolae_temple_two_arcs

Skill      XL: |  1  2  3  4  5  6  7 |
---------------+----------------------+-----
Dodging        | 2 3 |  3.3
Stealth        | 3 4 |  4.8
Conjurations   | 2 3 4 |  4.0
Spellcasting   | 3 |  3.8
Fire Magic     | 4 |  4.7
Ranged Weapons | |  0.2

Action                     |  1- 3 |  4- 6 |  7- 9 || total
---------------------------+-------+-------+-------++-------
  Melee: Unarmed           |     7 |       |       ||     7
         Dagger            |     4 |       |       ||     4
         Whip              |       |    21 |     2 ||    23
   Fire: Hand cannon       |       |       |    32 ||    32
   Cast: Foxfire           |   112 |   152 |    14 ||   278
         Scorch            |     1 |    46 |    12 ||    59
    Use: Scroll            |       |     9 |     3 ||    12
         Potion            |       |     2 |       ||     2
 Armour: Robe              |    20 |    79 |    32 ||   131
  Dodge: Dodged            |    25 |    73 |    44 ||   142
  Block: Other             |     2 |    35 |     1 ||    38

Table legend: (Time is in decaauts)
 A = Elapsed time spent in this place.
 B = Non-inter-level travel time spent in this place.
 C = Inter-level travel time spent in this place.
 D = Time resting spent in this place.
 E = Time spent auto-exploring this place.
 F = Levels seen in this place.
 G = Mean time per level.
                   A        B        C        D        E       F      G
               +--------+--------+--------+--------+--------+-----+--------+
         Total |   7836 |   7611 |    225 |   1911 |   4432 |   6 | 1306.0 |
       Dungeon |   7834 |   7609 |    225 |   1911 |   4432 |   5 | 1566.8 |
        Temple |      1 |      1 |      0 |      0 |      0 |   1 |    1.0 |
               +--------+--------+--------+--------+--------+-----+--------+

Top non-repeatable levels by time:
     D:2: 3390 daAuts
     D:1: 1621 daAuts
     D:4: 1327 daAuts
     D:3: 1306 daAuts
     D:5: 187 daAuts
  Temple: 1 daAuts
